 Dungeon Crawl Stone Soup version 0.23.2-30-g0e89c35649 (webtiles) character file.

Game seed: 5165922342603071208

36206 troglodite the Reanimator (level 13, -15/92 HPs)
             Began as a Demonspawn Necromancer on June 6, 2019.
             Was an Elder of Hepliaklqana.
             Killed from afar by Frances (16 damage)
             ... with a shard of ice
             ... on level 14 of the Dungeon on June 9, 2019.
             The game lasted 01:27:04 (16871 turns).

troglodite the Reanimator (Demonspawn Necromancer) Turns: 16871, Time: 01:27:06

Health: -15/92     AC: 17    Str: 10    XL:     13   Next: 51%
Magic:  24/26      EV: 17    Int: 20    God:    Hepliaklqana [****..]
Gold:   1110       SH:  0    Dex: 16    Spells: 14/30 levels left

rFire    . . .     SeeInvis .   x - +3 quarterstaff (chaos)
rCold    + . .     Gourm    .   (shield currently unavailable)
rNeg     . . .     Faith    .   N - +3 troll leather armour {Snorg}
rPois    +         Spirit   .   (no helmet)
rElec    .         Reflect  .   B - +1 cloak "Beginad" {rPois Dex+2 Stlth+}
rCorr    .         Harm     .   Q - +0 pair of gloves
MR       .....                  H - +0 pair of boots
Stlth    ++++......             z - amulet of regeneration
HPRegen  1.05/turn              M - ring of protection from cold
MPRegen  0.20/turn              m - +5 ring of protection

@: no status effects
A: reduced essence, talons 1, rugged brown scales 1, demonic guardian 2, powered
by death 1
a: Recall Ancestor, Ancestor Identity, Transference, Idealise, Renounce Religion


You were on level 14 of the Dungeon.
You worshipped Hepliaklqana.
Hepliaklqana was greatly pleased with you.
You were hungry.

You visited 2 branches of the dungeon, and saw 15 of its levels.

You collected 1110 gold pieces.

Inventory:

Hand Weapons
 x - a +3 quarterstaff of chaos (weapon)
 y - a +4 scimitar of flaming
Armour
 s - +0 acid dragon scales
 B - the +1 cloak "Beginad" (worn) {rPois Dex+2 Stlth+}
   (You found it on level 12 of the Dungeon)

   It affects your dexterity (+2).
   It protects you from poison.
   It makes you more stealthy.
 G - a +2 leather armour of magic resistance
 H - a +0 pair of boots (worn)
 N - a +3 troll leather armour (worn) {Snorg}
 Q - a +0 pair of gloves (worn)
Magical Staves
 P - an uncursed staff of cold
Jewellery
 m - a +5 ring of protection (right hand)
 t - an uncursed ring of flight
 z - an amulet of regeneration (around neck)
 I - a +3 ring of strength
 M - a ring of protection from cold (left hand)
Wands
 i - a wand of clouds (6)
 j - a wand of enslavement (15)
 D - a wand of digging (7)
 K - a wand of disintegration (10)
 R - a wand of polymorph (8)
Scrolls
 a - 2 scrolls of blinking {unknown}
 d - 2 scrolls of amnesia {unknown}
 g - 8 scrolls of teleportation
 n - a scroll of vulnerability {unknown}
 p - 7 scrolls of remove curse
 u - 3 scrolls of magic mapping
 w - a scroll of random uselessness {unknown}
 A - a scroll of immolation {unknown}
 C - 6 scrolls of fog
 F - 3 scrolls of fear {unknown}
 J - a scroll of identify
Potions
 b - a potion of invisibility
 e - a potion of ambrosia
 f - 7 potions of curing
 k - 4 potions of haste
 l - 4 potions of brilliance
 o - 7 potions of lignification
 q - 3 potions of heal wounds
 r - 2 potions of flight
 v - 5 potions of agility
 E - a potion of resistance
 L - a potion of cancellation
Comestibles
 c - 21 rations


   Skills:
 * Level 8.4 Fighting
   Level 0.9(4.4) Maces & Flails
 + Level 7.0 Staves
 + Level 2.6 Armour
 * Level 7.7 Dodging
 + Level 4.7 Stealth
 * Level 9.2 Spellcasting
 * Level 5.2 Conjurations
 * Level 5.1 Hexes
 * Level 5.8 Charms
 * Level 11.7 Necromancy
 + Level 3.1 Invocations
 + Level 2.2 Evocations


You had 14 spell levels left.
You knew the following spells:

 Your Spells              Type           Power        Failure   Level  Hunger
a - Pain                  Necr           ####         1%          1    None
b - Vampiric Draining     Necr           ######....   1%          3    None
c - Animate Dead          Necr           N/A          1%          4    ###....
d - Regeneration          Chrm/Necr      #####.....   1%          3    None
e - Animate Skeleton      Necr           N/A          1%          1    None
f - Sting                 Conj/Pois      ###.         3%          1    None
g - Spectral Weapon       Hex/Chrm       ####....     3%          3    None

Your spell library contained the following spells:

 Spells                   Type           Power        Failure   Level  Hunger
 Confusing Touch          Hex            ####..       1%          1    None
 Infusion                 Chrm           ####         1%          1    None
 Magic Dart               Conj           ####         1%          1    None
 Searing Ray              Conj           ####..       1%          2    None
 Song of Slaying          Chrm           ####....     1%          2    None
 Shock                    Conj/Air       ###.         3%          1    None
 Dazzling Spray           Conj/Hex       ####..       3%          3    None
 Shroud of Golubria       Chrm/Tloc      ###.......   4%          2    None
 Swiftness                Chrm/Air       ###.....     4%          2    None
 Apportation              Tloc           #.....       10%         1    None
 Summon Small Mammal      Summ           #...         10%         1    None
 Static Discharge         Conj/Air       ###.....     10%         3    None
 Summon Guardian Golem    Hex/Summ       ###.....     11%         3    None
 Fulminant Prism          Conj/Hex       ####......   12%         4    ###....
 Iskenderun's Mystic Bla  Conj           ####....     12%         4    ###....
 Mephitic Cloud           Conj/Pois/Air  ###.....     14%         3    None
 Call Imp                 Summ           #.......     16%         2    None
 Poisonous Vapours        Pois/Air       #.....       16%         2    None
 Call Canine Familiar     Summ           #.......     30%         3    None
 Force Lance              Conj/Tloc      ###.....     32%         4    ###....
 Lightning Bolt           Conj/Air       ###.......   67%         5    #####..
 Venom Bolt               Conj/Pois      ###.......   67%         5    #####..
 Airstrike                Air            #.........   69%         4    ###....
 Olgreb's Toxic Radiance  Pois           #.......     69%         4    ###....
 Summon Ice Beast         Ice/Summ       #.......     69%         4    ###....
 Summon Lightning Spire   Summ/Air       #.......     69%         4    ###....


Dungeon Overview and Level Annotations

Branches:
Dungeon (14/15)            Temple (1/1) D:5            Lair (0/6) D:11
    Orc (0/2) D:11         Vaults (0/5) D:14

Altars:
Ashenzari
Cheibriados
Dithmenos
Elyvilon
Fedhas
Gozag
Hepliaklqana
Kikubaaqudgha
Makhleb
Nemelex Xobeh
Okawaru
Qazlal
Ru
Sif Muna
Trog
Uskayaw
Vehumet
Wu Jian
Xom
Yredelemnul
Zin
The Shining One
Lugonu

Shops:
D:8 [   D:13 %

Annotations:
D:6 2 transporters, Kairos's ghost, novice DDFi
D:10 2 transporters, RadicalHijinx's ghost, journeyman SpVM
D:14 Frances


Innate Abilities, Weirdness & Mutations

You have sharp toenails.
You are partially covered in rugged brown scales. (AC +1, +3% HP)
A demonic guardian rushes to your aid.
You regenerate a little health from kills.
Your life essence is reduced to manifest your ancestor. (-10% HP)


Message History

Your orange demon disappears in a puff of smoke!
There is an open door, spattered with blood here.
You hit Frances.
Space warps horribly around Frances!
Frances is lightly wounded.
Frances hits you with a +0 mace of crushing!
Frances whispers indecipherable words.
The iron shot hits you!!!
Ouch! That really hurt!
* * * LOW HITPOINT WARNING * * *
Zolin points at Frances and mumbles some strange words.
Frances resists with almost no effort.
Unknown command.
The sentinel's mark upon you fades away.
Frances hits your spectral weapon with a +0 mace of crushing!!
Your spectral weapon shares its damage with you!
Your spectral weapon fades away.
* * * LOW HITPOINT WARNING * * *
Frances screams a word of power!
The shard of ice hits you! You partially resist.
You die...

#####'## ##.# ###
###..# #.. #...## #.#
##.### #†# #....#
##'####### #....#
###R..?.....
#....###@'.........
#........#.@.......
........#####.........
####....# ##########
######


You could see the friendly Zolin the hexer and Frances.

Vanquished Creatures
  Snorg (D:10)
  Fannar (D:10)
  A hydra (D:11)
  An unseen horror (D:11)
  Pikel (D:5)
  An orb spider (shapeshifter) (D:14)
  2 cyclopes (D:13)
  A kobold demonologist (D:12)
  A meliai (shapeshifter) (D:14)
  A troll (D:14)
  A dream sheep (D:13)
  2 hippogriffs
  3 wraiths (D:10)
  14 yaks
  2 wyverns
  Eustachio (D:6)
  A basilisk (D:13)
  Grum (D:8)
  Menkaure (D:7)
  An acid dragon (D:8)
  A porcupine (D:11)
  2 orc warriors
  An ice beast (D:7)
  2 slaves (D:5)
  A sky beast (D:10)
  3 black bears
  A necrophage (D:9)
  A phantom (D:14)
  5 ogres
  3 wolves
  3 centaurs
  6 crocodiles
  2 bullfrogs
  A gnoll sergeant (D:9)
  4 scorpions
  10 killer bees
  A wight (D:6)
  3 howler monkeys
  A lava snake (D:11)
  A bullfrog zombie (D:5)
  6 crimson imps
  A quasit (D:12)
  5 hounds
  2 bullfrog skeletons
  3 centaur skeletons
  3 orc priests
  2 jellies
  Jessica (D:2)
  11 orc wizards
  4 worker ants
  5 iguanas
  Natasha (D:2)
  A howler monkey zombie (D:11)
  A worker ant zombie (D:7)
  8 adders
  7 gnolls
  A river rat (D:6)
  A shadow imp (D:10)
  An adder skeleton (D:8)
  2 worms
  A dart slug (D:3)
  5 leopard geckos
  30 orcs
  11 bats
  A giant cockroach (D:2)
  6 goblins
  11 hobgoblins
  4 jackals
  8 kobolds
  2 quokkas
  2 ball pythons
  11 frilled lizards
  A leopard gecko zombie (D:6)
  12 rats
  A spectral weapon (D:13)
262 creatures vanquished.

Vanquished Creatures (collateral kills)
  An ironheart preserver (D:14)
  Josephine (D:10)
  2 centaur warriors (D:13)
  4 two-headed ogres
  A tengu warrior (D:14)
  2 unseen horrors
  An orange crystal statue (D:11)
  2 ugly things
  3 cyclopes
  2 centaur zombies
  A gargoyle (D:14)
  2 kobold demonologists (D:12)
  A centaur skeleton (D:11)
  An efreet (D:14)
  A komodo dragon (D:13)
  2 trolls
  A tengu conjurer (D:14)
  A merfolk (D:11)
  A vampire (D:13)
  12 yaks
  A shadow (D:9)
  A human (shapeshifter) (D:13)
  2 hungry ghosts
  An acid dragon (D:14)
  2 sky beasts
  5 orc warriors
  A slave (D:5)
  A necrophage (D:10)
  An ogre (D:8)
  3 centaurs (D:13)
  2 crocodiles (D:11)
  2 bullfrogs
  A gnoll sergeant (D:13)
  5 killer bees
  4 wights
  2 howler monkeys
  A lava snake (D:11)
  3 crimson imps
  Crazy Yiuf (D:3)
  A hound (D:7)
  9 orc wizards
  5 iguanas
  Natasha (twice) (D:2)
  A worker ant (D:7)
  A hound skeleton (D:7)
  A howler monkey skeleton (D:5)
  2 shadow imps
  17 orcs
  A giant cockroach (D:8)
  5 jackals (D:8)
  A rat (D:5)
  A demonic plant (D:12)
  A plant (D:8)
129 creatures vanquished.

Vanquished Creatures (others)
  A hippogriff (D:11)
  13 hexers
  An orc wizard (D:6)
  3 ancestors
  3 bushes (D:11)
  6 fungi (D:11)
  14 plants
  3 spectral weapons
44 creatures vanquished.

Grand Total: 435 creatures vanquished

Notes
Turn   | Place    | Note
-------+----------+-------------------------------------------
     0 | D:1      | troglodite the Demonspawn Necromancer began the quest for
                  | the Orb.
     0 | D:1      | Reached XP level 1. HP: 13/13 MP: 3/3
   860 | D:1      | Gained mutation: A weak demonic guardian rushes to your
                  | aid. [demonic ancestry]
   860 | D:1      | Reached XP level 2. HP: 15/19 MP: 1/5
  1626 | D:2      | Reached skill level 5 in Necromancy
  1626 | D:2      | Reached XP level 3. HP: 22/25 MP: 2/6
  1631 | D:2      | Reached skill level 1 in Fighting
  2198 | D:1      | Learned a level 3 spell: Vampiric Draining
  2426 | D:2      | Noticed Jessica
  2437 | D:2      | Killed Jessica
  2437 | D:2      | Gained mutation: You have sharp toenails. [demonic
                  | ancestry]
  2437 | D:2      | Reached XP level 4. HP: 16/32 MP: 7/7
  2615 | D:2      | Noticed Natasha
  2623 | D:2      | Killed Natasha
  2791 | D:2      | Found a basalt altar of Yredelemnul.
  2862 | D:2      | Noticed Natasha
  2866 | D:2      | Killed Natasha
  3318 | D:2      | Noticed Natasha
  3323 | D:2      | Killed Natasha
  3323 | D:2      | Reached XP level 5. HP: 28/38 MP: 7/9
  3332 | D:2      | Learned a level 4 spell: Animate Dead
  3743 | D:3      | Found a white marble altar of Elyvilon.
  3941 | D:3      | Found a runed translucent door.
  3942 | D:3      | Noticed Crazy Yiuf
  3958 | D:3      | Killed Crazy Yiuf
  4851 | D:4      | Reached XP level 6. HP: 25/44 MP: 3/11
  5277 | D:5      | Entered Level 5 of the Dungeon
  5440 | D:5      | Noticed Pikel
  5440 | D:5      | Noticed a slave
  5440 | D:5      | Noticed a slave
  5440 | D:5      | Noticed a slave
  5441 | D:5      | Noticed a slave
  5499 | D:5      | Killed a slave
  5501 | D:5      | Killed a slave
  5504 | D:5      | Killed a slave
  5512 | D:5      | Killed Pikel
  5512 | D:5      | Reached skill level 1 in Staves
  5512 | D:5      | Reached skill level 5 in Spellcasting
  5512 | D:5      | Reached skill level 6 in Necromancy
  5512 | D:5      | Gained mutation: You regenerate a little health from kills.
                  | [demonic ancestry]
  5512 | D:5      | Reached XP level 7. HP: 24/52 MP: 0/14
  5874 | D:5      | Learned a level 3 spell: Regeneration
  5876 | D:5      | Learned a level 1 spell: Animate Skeleton
  5882 | D:5      | Found a staircase to the Ecumenical Temple.
  5894 | Temple   | Entered the Ecumenical Temple
  6177 | Temple   | Became a worshipper of Hepliaklqana the Forgotten
  6301 | D:5      | Reached XP level 8. HP: 36/52 MP: 0/15
  6451 | D:5      | Found a shimmering altar of Xom.
  6526 | D:6      | Found a hide-covered altar of Uskayaw.
  6564 | D:6      | Reached skill level 7 in Necromancy
  6636 | D:6      | Reached skill level 1 in Charms
  6641 | D:6      | Learned a level 1 spell: Sting
  7075 | D:6      | Found a transporter.
  7112 | D:6      | Found a deep blue altar of Sif Muna.
  7127 | D:6      | Noticed Eustachio
  7161 | D:6      | Found a transporter.
  7189 | D:6      | Noticed Kairos's ghost (novice DDFi)
  7297 | D:6      | Killed Eustachio
  7828 | D:7      | Reached * piety under Hepliaklqana
  7871 | D:7      | Reached XP level 9. HP: 49/58 MP: 7/17
  7973 | D:7      | Noticed Menkaure
  7976 | D:7      | Killed Menkaure
  8061 | D:7      | Found a shattered altar of Ashenzari.
  8374 | D:7      | Found a glowing golden altar of the Shining One.
  8465 | D:7      | Reached skill level 8 in Necromancy
  9107 | D:8      | Reached skill level 1 in Armour
  9119 | D:8      | Reached skill level 5 in Dodging
  9149 | D:8      | Noticed a +0 dagger
  9149 | D:8      | Noticed a +0 hand axe
  9158 | D:8      | Found a hide-covered altar of Uskayaw.
  9181 | D:8      | Noticed Grum
  9387 | D:9      | Reached skill level 5 in Fighting
  9457 | D:9      | Gained mutation: You are partially covered in rugged brown
                  | scales. (AC +1, +3% HP) [demonic ancestry]
  9457 | D:9      | Reached XP level 10. HP: 61/68 MP: 9/19
  9812 | D:9      | Reached ** piety under Hepliaklqana
  9813 | D:9      | Remembered your ancestor Zolin as a hexer
  9932 | D:9      | Noticed a moth of wrath
  9935 | D:9      | Found a bloodstained altar of Trog.
 10031 | D:9      | Reached skill level 9 in Necromancy
 10575 | D:8      | Found Fiduocou's Antique Armour Shoppe.
 10815 | D:8      | Killed Grum
 10952 | D:10     | Entered Level 10 of the Dungeon
 10970 | D:10     | Noticed Fannar
 10976 | D:10     | Noticed Josephine
 10987 | D:10     | Noticed Snorg
 11190 | D:10     | Killed Snorg
 11430 | D:10     | Noticed a frost giant
 11431 | D:10     | Found a transporter.
 11431 | D:10     | Noticed a two-headed ogre
 11433 | D:10     | Noticed RadicalHijinx's ghost (journeyman SpVM)
 11508 | D:10     | Killed Josephine
 11579 | D:10     | Found a transporter.
 11775 | D:10     | Killed Fannar
 11775 | D:10     | Reached skill level 5 in Staves
 11775 | D:10     | Gained mutation: A demonic guardian rushes to your aid.
                  | [demonic ancestry]
 11775 | D:10     | Reached XP level 11. HP: 59/75 MP: 17/22
 12329 | D:10     | Reached *** piety under Hepliaklqana
 12377 | D:11     | Noticed a four-headed hydra
 12385 | D:11     | Killed a four-headed hydra
 12618 | D:11     | Got a warped hunting sling
 12619 | D:11     | Identified the cursed +1 hunting sling "Qefazim" {freeze,
                  | rN+ Dex+4 Stlth+} (You found it on level 11 of the Dungeon)
 12637 | D:11     | Noticed an orange crystal statue
 12733 | D:11     | Killed an orange crystal statue
 12839 | D:11     | Reached skill level 10 in Necromancy
 13111 | D:11     | Killed an unseen horror
 13139 | D:11     | Found a staircase to the Orcish Mines.
 13216 | D:11     | Found a staircase to the Lair.
 13275 | D:11     | Upgraded the game from 0.23.2-11-gf996548c65 to
                  | 0.23.2-30-g0e89c35649
 13424 | D:11     | Learned a level 3 spell: Spectral Weapon
 13424 | D:11     | Reached skill level 11 in Necromancy
 13424 | D:11     | Reached XP level 12. HP: 84/84 MP: 24/24
 13750 | D:12     | Found a corrupted altar of Lugonu.
 13900 | D:12     | Noticed a two-headed ogre
 13915 | D:12     | Killed a two-headed ogre
 13915 | D:12     | Reached skill level 5 in Charms
 13987 | D:12     | Got a distressingly furry cloak
 14085 | D:12     | Identified the +1 cloak "Beginad" {rPois Dex+2 Stlth+} (You
                  | found it on level 12 of the Dungeon)
 14705 | D:12     | Noticed a two-headed ogre
 14722 | D:12     | Killed a two-headed ogre
 14998 | D:13     | Found Oquis's Food Shop.
 15042 | D:13     | Noticed a centaur warrior
 15057 | D:13     | Killed a centaur warrior
 15113 | D:13     | Reached XP level 13. HP: 91/91 MP: 25/25
 15901 | D:13     | Reached **** piety under Hepliaklqana
 16391 | D:14     | Noticed an ironheart preserver
 16392 | D:14     | Found a gate to the Vaults.
 16401 | D:14     | Killed an ironheart preserver
 16401 | D:14     | Reached skill level 5 in Hexes
 16515 | D:14     | Reached skill level 5 in Conjurations
 16861 | D:14     | Noticed Frances
 16871 | D:14     | HP: 1/92 [Frances/+0 mace of crushing (10)]
 16871 | D:14     | Killed from afar by Frances

Skill      XL: |  1  2  3  4  5  6  7  8  9 10 11 12 13 |
---------------+----------------------------------------+-----
Dodging        | 2 3 4 5 6 7 |  7.7
Necromancy     | 5 6 7 8 9 11 | 11.7
Fighting       | 1 2 3 5 6 7 8 |  8.4
Stealth        | 2 3 4 |  4.7
Spellcasting   | 3 5 6 7 8 9 |  9.2
Staves         | 1 3 4 5 6 7 |  7.0
Charms         | 2 3 4 5 |  5.8
Armour         | 1 2 |  2.6
Conjurations   | 3 4 5 |  5.2
Hexes          | 3 4 5 |  5.1
Invocations    | 3 |  3.1
Evocations     | 2 |  2.2
Maces & Flails | |  0.9

Action                   |  1- 3 |  4- 6 |  7- 9 | 10-12 | 13-15 || total
-------------------------+-------+-------+-------+-------+-------++-------
Melee: Unarmed           |    10 |       |       |       |       ||    10
       Mace              |    35 |    44 |       |       |       ||    79
       Kick              |       |    19 |    40 |       |       ||    59
       Quarterstaff      |       |    41 |   236 |   387 |   214 ||   878
 Cast: Pain              |    55 |    49 |    20 |    48 |       ||   172
       Vampiric Draining |     1 |     9 |    28 |    30 |     4 ||    72
       Animate Dead      |       |     2 |     5 |     6 |     7 ||    20
       Regeneration      |       |       |     1 |     1 |     1 ||     3
       Spectral Weapon   |       |       |       |     4 |     4 ||     8
Invok: Recall Ancestor   |       |       |       |     3 |       ||     3
       Ancestor Life: He |       |       |       |     1 |       ||     1
  Use: Scroll            |       |       |     7 |     7 |     5 ||    19
       Potion            |       |       |     2 |     1 |     2 ||     5
 Stab: Sleeping          |     2 |     2 |     4 |     3 |     5 ||    16
       Paralysed         |       |     1 |     3 |     7 |       ||    11
       Confused          |       |       |     1 |     8 |       ||     9
       Distracted        |       |       |     5 |     4 |     1 ||    10
       Petrifying        |       |       |     1 |       |       ||     1
  Eat: Chunk             |     5 |     9 |     7 |    15 |     7 ||    43
       Ration            |       |     1 |     2 |     2 |       ||     5
Armor: Robe              |    22 |    24 |    70 |       |       ||   116
       Leather armour    |       |       |    72 |   156 |       ||   228
       Troll leather arm |       |       |       |    10 |   105 ||   115
Dodge: Dodged            |    47 |    71 |   309 |   318 |   177 ||   922
